Map: World of Sleepers LE

Players

Nightkrawlrr

  • Race: Protoss Protoss
  • League: Platinum
  • Spawn Location: 7:00

MADscientist - Winner!

  • Race: Protoss Protoss
  • League: Platinum
  • Spawn Location: 1:00

VOD

Have the link to the VOD?

Description

Time

  • Played on: Sept. 10, 2019, 10:44 p.m.
  • Length: 16:33
Show
View Real Time Build Order
Export as new Build Order

Nightkrawlrr Protoss 

Build Orders:  

Get SALT Encoding   

  12  0:01  Probe  
  13  0:13  Probe  
  14  0:17  Pylon  
  14  0:25  Probe (Chrono Boost)  
  15  0:37  Probe (Chrono Boost)  
  15  0:39  Gateway  
  16  0:44  Probe (Chrono Boost)  
  17  0:51  Probe  
  17  0:53  Assimilator  
  18  1:04  Probe  
  19  1:14  Assimilator  
  19  1:16  Probe  
  20  1:22  Gateway  
  20  1:28  Probe  
  21  1:33  Cybernetics Core  
  22  2:14  Stalker (Chrono Boost)  
  20  2:26  Pylon  
  20  2:47  Forge  
  20  2:50  Gateway  
  20  3:06  Cybernetics Core  
  20  3:08  Pylon  
  20  3:21  Gateway  
  20  3:26  Pylon  
  20  3:34  Pylon  
  20  3:37  Warp Gate (Chrono Boost)  
  20  3:49  Probe  
  20  3:54  Photon Cannon  
  21  4:00  Photon Cannon  
  22  4:10  Probe  
  22  4:19  Gateway  
  22  4:21  Robotics Facility  
  22  4:25  Probe  
  23  4:40  Photon Cannon  
  23  4:45  Gateway  
  23  4:55  Gateway  
  23  5:03  Pylon  
  23  5:15  Warp Prism  
  25  5:27  Assimilator  
  25  5:36  Stalker x2  
  25  5:41  Stalker  
  30  6:00  Stalker x2  
  34  6:24  Stargate  
  34  6:41  Zealot x2  
  34  6:42  Zealot x3  
  44  7:01  Pylon  
  44  7:04  Pylon  
  44  7:08  Warp Prism (Chrono Boost)  
  42  7:45  Immortal  
  46  8:17  Nexus  
  46  8:20  Assimilator  
  46  8:23  Pylon  
  46  8:24  Assimilator  
  46  8:42  Zealot x2  
  49  8:53  Immortal  
  53  9:00  Probe  
  53  9:28  Protoss Ground Weapons Level 1 (Chrono Boost)  
  57  9:31  Probe  
  57  9:35  Void Ray  
  58  9:43  Probe  
  57  10:12  Immortal  
  61  10:45  Probe  
  61  10:48  Probe  
  63  10:51  Immortal  
  67  10:57  Probe  
  67  11:00  Probe (Chrono Boost)  
  67  11:03  Zealot x2  
  74  11:12  Probe (Chrono Boost)  
  74  11:15  Probe (Chrono Boost)  
  75  12:10  Void Ray (Chrono Boost)  
  75  12:15  Probe (Chrono Boost)  
  75  12:17  Probe (Chrono Boost)  
  75  12:19  Stalker x2  
  75  12:20  Stalker  
  83  12:28  Probe (Chrono Boost)  
  85  12:34  Probe (Chrono Boost)  
  85  12:35  Probe (Chrono Boost)  
  73  12:40  Probe  
Show
View Real Time Build Order
Export as new Build Order

MADscientist Protoss - Winner!

Build Orders: Carriers 

Get SALT Encoding   

  12  0:02  Probe (Chrono Boost)  
  13  0:14  Probe (Chrono Boost)  
  14  0:18  Pylon  
  14  0:21  Probe  
  15  0:38  Forge  
  15  0:40  Probe  
  16  0:55  Probe  
  16  0:56  Pylon  
  17  1:17  Photon Cannon  
  17  1:21  Photon Cannon  
  17  1:29  Probe  
  18  1:34  Pylon  
  18  1:41  Probe  
  18  2:06  Photon Cannon  
  18  2:08  Photon Cannon  
  18  2:10  Photon Cannon  
  18  2:17  Pylon  
  18  2:25  Pylon  
  18  2:56  Probe  
  19  3:01  Assimilator  
  19  3:11  Probe (Chrono Boost), Nexus  
  20  3:14  Assimilator  
  20  3:18  Assimilator x2  
  20  3:21  Pylon  
  20  3:22  Probe (Chrono Boost)  
  21  3:27  Probe (Chrono Boost)  
  22  3:37  Probe  
  23  3:44  Photon Cannon  
  23  3:50  Probe  
  24  4:00  Gateway  
  24  4:02  Probe  
  25  4:14  Probe, Photon Cannon  
  26  4:26  Probe  
  26  4:29  Probe (Chrono Boost)  
  29  4:39  Probe (Chrono Boost)  
  29  4:41  Probe (Chrono Boost)  
  30  4:48  Cybernetics Core  
  30  4:49  Probe x2 (Chrono Boost)  
  32  4:53  Probe (Chrono Boost)  
  32  4:55  Probe (Chrono Boost)  
  34  5:02  Pylon  
  36  5:07  Probe (Chrono Boost)  
  36  5:10  Probe (Chrono Boost)  
  36  5:17  Probe (Chrono Boost)  
  37  5:25  Stargate  
  37  5:28  Stargate  
  37  5:29  Stargate  
  37  5:30  Stargate  
  37  5:37  Pylon  
  37  5:45  Probe (Chrono Boost)  
  37  5:49  Probe (Chrono Boost)  
  39  5:56  Probe (Chrono Boost)  
  40  5:59  Shield Battery x2, Probe (Chrono Boost)  
  40  6:00  Pylon  
  41  6:07  Photon Cannon  
  41  6:08  Probe  
  41  6:09  Probe  
  43  6:20  Fleet Beacon  
  43  6:26  Probe x2  
  45  6:38  Probe x2  
  46  6:51  Nexus  
  42  7:06  Shield Battery  
  42  7:07  Photon Cannon  
  42  7:10  Photon Cannon  
  42  7:15  Pylon  
  42  7:41  Carrier (Chrono Boost)  
  54  8:11  Carrier (Chrono Boost)  
  54  8:19  Carrier (Chrono Boost)  
  60  8:31  Carrier (Chrono Boost)  
  66  8:54  Carrier (Chrono Boost)  
  72  8:58  Probe  
  73  9:03  Probe  
  73  9:09  Assimilator  
  74  9:10  Probe  
  74  9:11  Carrier  
  74  9:13  Assimilator  
  74  9:15  Probe  
  82  9:18  Pylon  
  82  9:21  Pylon  
  82  9:41  Carrier  
  87  10:10  Carrier  
  73  10:48  Nexus  
  73  10:59  Nexus  
  73  11:12  Pylon  
  73  11:16  Pylon  
  73  11:17  Nexus  
  73  11:21  Assimilator  
  73  11:23  Assimilator  
  73  11:30  Probe  
  74  11:33  Pylon  
  74  11:34  Assimilator  
  74  11:36  Pylon  
  74  11:38  Assimilator  
  74  11:50  Unknown  
  74  12:06  Nexus  
  74  12:14  Probe x2  
  76  12:26  Probe x2  
  78  12:38  Probe  
  79  13:36  Probe  
  79  13:37  Probe  
  79  13:38  Probe  
  82  13:47  Probe  
  83  13:48  Probe  
  83  13:49  Probe  
  83  13:50  Probe  
  86  13:59  Probe  
  86  14:00  Probe  
  86  14:01  Probe  
  86  14:02  Probe  
  90  14:11  Probe  
  90  14:12  Probe  
  90  14:13  Probe  
  90  14:14  Probe  
  94  14:23  Probe  
  95  14:25  Probe x2  
  95  14:26  Probe  
  98  14:35  Probe  
Tags
 
Composition
Carriers
Matchup
PvP
Spawn Locations
Cross Positions
Add a new tag
Caveats
  • Supply blocks, unpowered buildings, or Contaminate may cause inaccurate times.
  • Supply counts are checked every 10 seconds.